 Dungeon Crawl Stone Soup version 0.28.0-62-gf88900778d (webtiles) character file.

Game seed: 9498957369242777545

19239 cbfl8 the Impaler (level 12, -2/99 HPs)
             Began as a Merfolk Berserker on June 21, 2023.
             Was a High Priest of Trog.
             Slain by a freezing wraith (14 damage)
             ... on level 14 of the Dungeon.
             The game lasted 00:22:36 (18021 turns).

cbfl8 the Impaler (Merfolk Berserker)              Turns: 18021, Time: 00:22:37

Health: -2/99      AC: 20    Str: 26    XL:     12   Next: 66%
Magic:  12/12      EV: 15    Int:  6    God:    Trog [*****.]
Gold:   629        SH:  0    Dex: 16    Spells: 11/11 levels left

rFire   . . .      SeeInvis .   w - +3 halberd (freeze)
rCold   . . .      Faith    .   (shield currently unavailable)
rNeg    . . .      Spirit   .   k - +2 chain mail {rPois}
rPois   +          Reflect  .   b - +2 hat
rElec   .          Harm     .   (no cloak)
rCorr   .          Rampage  ∞   G - +0 pair of gloves
Will    ++...                   a - +3 pair of seven-league boots {Rampage+∞}
Stlth   ..........              (no amulet)
HPRegen 1.26/turn               l - +4 ring of evasion
MPRegen 0.13/turn               o - +6 ring of strength

@: strong-willed, regenerating, slowed, very slow
A: (nimble swimmer 2), mertail
a: Renounce Religion, Berserk, Trog's Hand, Brothers in Arms


You were on level 14 of the Dungeon.
You worshipped Trog.
Trog was extremely pleased with you.
You visited 1 branch of the dungeon, and saw 14 of its levels.
You also visited: Bailey.

You collected 703 gold pieces.
You spent 74 gold pieces at shops.

Inventory:

Hand Weapons
 w - a +3 halberd of freezing (weapon)
Missiles
 C - 2 throwing nets
Armour
 a - the +3 pair of seven-league boots (worn) {Rampage+∞}
   (You acquired it on level 10 of the Dungeon)

   Its wearer moves as far as possible in that direction when moving towards
   enemies.
 b - a +2 hat (worn)
 k - a +2 chain mail of poison resistance (worn)
 F - a +2 pair of boots of flying
 G - a +0 pair of gloves (worn)
Jewellery
 i - a ring of protection from fire
 l - a +4 ring of evasion (left hand)
 o - a +6 ring of strength (right hand)
 r - a ring of willpower
Wands
 x - a wand of iceblast (7)
 y - a wand of acid (8) (quivered)
 I - a wand of paralysis (2)
Scrolls
 e - 3 scrolls of fear
 f - a scroll of silence
 h - 4 scrolls of enchant weapon
 m - 2 scrolls of enchant armour
 n - 2 scrolls of teleportation
 t - a scroll of fog
 v - 6 scrolls of magic mapping
 E - 3 scrolls of immolation
 H - a scroll of noise {unknown}
 K - a scroll of blinking {unknown}
Potions
 c - 2 potions of cancellation {unknown}
 d - 2 potions of resistance
 g - a potion of invisibility {unknown}
 p - 2 potions of attraction
 q - a potion of brilliance {unknown}
 s - 2 potions of haste {unknown}
 u - a potion of ambrosia {unknown}
 z - 2 potions of mutation {unknown}
 B - 2 potions of berserk rage {unknown}
 D - 3 potions of might {unknown}
 J - a potion of heal wounds {unknown}
Miscellaneous
 A - a box of beasts (inert)


   Skills:
 + Level 10.8 Fighting
 + Level 16.9 Polearms
 + Level 8.2 Armour
 + Level 6.2 Dodging
 + Level 4.0 Stealth
 * Level 7.9 Evocations


You had 11 spell levels left.
You didn't know any spells.
Your spell library was empty.

Dungeon Overview and Level Annotations

Branches:
Dungeon (14/15)            Temple (0/1) D:6            Lair (0/6) D:8
    Orc (0/2) D:11         Bailey (visited)
 Vaults: D:13-14

Altars:
Elyvilon
Fedhas
Hepliaklqana
Nemelex Xobeh
Okawaru
Qazlal
Ru
Trog
Wu Jian
Yredelemnul

Shops:
D:4 (   D:10 ([(

Annotations:
D:6 3 runed translucent doors, wesleywilliam's ghost, amateur MiBe


Innate Abilities, Weirdness & Mutations

((You are very nimble when in or above water. (Stealth+, EV+, Speed+++)))
Your lower body shifts to a powerful aquatic tail in water.


Message History

Your skin crawls.
You feel strong-willed.
The freezing wraith hits you but does no damage.
The freezing wraith misses you.
You closely miss the freezing wraith.
The freezing wraith is heavily damaged.
The freezing wraith hits you.
* * * LOW HITPOINT WARNING * * *
The freezing wraith freezes you!!
* * * LOW HITPOINT WARNING * * *
The freezing wraith closely misses you.
You feel better.
The freezing wraith completely misses you.
The freezing wraith hits you.
* * * LOW HITPOINT WARNING * * *
The freezing wraith hits you but does no damage.
The freezing wraith completely misses you.
You feel better.
The freezing wraith completely misses you.
The freezing wraith barely misses you.
You feel better. The freezing wraith hits you.
The freezing wraith freezes you!!
* * * LOW HITPOINT WARNING * * *
The freezing wraith barely misses you.
The freezing wraith hits you but does no damage.
The freezing wraith misses you.
Unknown command.
You can't see any enemies this would affect, really read the scroll of fear?
Okay, then.
Aiming: Corrosive Bolt
Press: ? - help, Q - select action, (/) - cycle Shift-Dir - straight line, f - freezing wraith
Aim: a freezing wraith (heavily damaged, 74% to hit)
Okay, then.
Okay, then.
You open the lid... ...and a mature stingshock beast leaps out!
The box is emptied!
The freezing wraith hits you.
* * * LOW HITPOINT WARNING * * *
The freezing wraith freezes you!
You die...

#............♣.....P
#.............♣...♣
#...#...#....♣.P.P♣P
#...#####...........
#...#...#...........
#...#...#...#.......
#...#............... .##
#.........HW........ ...
#..........@........ ...
#................... ...
#########...######## .#.
#...#....÷....... #.
#...#............ ##
#...#............ #.
#...#...###################.
#...........................
#...........................


You could see a freezing wraith (ally target) and a friendly mature stingshock
beast (summoned).

Vanquished Creatures
  A hydra (D:12)
  A catoblepas (D:13)
  2 boulder beetles
  3 centaur warriors (D:13)
  A necromancer (D:13)
  3 cyclopes
  A manticore (D:13)
  Maggie (D:10)
  2 komodo dragons
  A freezing wraith (D:14)
  3 kobold demonologists
  A troll (D:10)
  A hornet (shapeshifter) (D:13)
  A wind drake (shapeshifter) (D:11)
  A meliai zombie (D:10)
  5 shadows
  3 wraiths
  12 yaks
  A basilisk (D:14)
  A vampire (D:11)
  4 fire bats (D:9)
  A steam dragon (D:9)
  3 vampire mosquitoes (D:13)
  A hell hound (D:9)
  2 water moccasins
  12 orc warriors
  An ice beast (D:6)
  A black bear (D:6)
  2 necrophages
  5 boggarts (D:13)
  4 ogres
  8 centaurs
  5 kobold brigands
  2 gnoll sergeants
  2 bullfrogs (D:7)
  A wyvern zombie (D:7)
  3 scorpions
  A wyvern skeleton (D:7)
  A water moccasin skeleton (D:7)
  12 wights
  4 electric eels (D:11)
  4 howler monkeys
  2 lava snakes (D:9)
  2 centaur zombies
  A jelly (D:5)
  3 hounds
  A gnoll shaman (D:9)
  6 orc priests
  5 iguanas
  Jessica (D:3)
  11 orc wizards
  2 yak simulacra (D:13)
  A killer bee zombie (D:8)
  5 polar bear simulacra (D:13)
  3 wolf simulacra (D:13)
  A howler monkey zombie (D:9)
  14 gnolls
  6 adders
  A white imp (D:3)
  3 ufetubi
  3 adder zombies (D:3)
  3 adder skeletons
  A worm (D:2)
  A dart slug (D:2)
  41 orcs
  4 endoplasms
  2 giant cockroaches (D:2)
  10 goblins
  13 hobgoblins
  9 jackals
  10 kobolds
  7 quokkas
  9 ball pythons
  8 bats
  2 frilled lizards
  A giant cockroach zombie (D:3)
  6 rats
  A river rat simulacrum (D:13)
  A fire vortex (D:9)
324 creatures vanquished.

Vanquished Creatures (others)
  A fire vortex (D:9)
  5 plants
6 creatures vanquished.

Grand Total: 330 creatures vanquished

Notes
Turn   | Place    | Note
-------+----------+-------------------------------------------
     0 | D:1      | cbfl8 the Merfolk Berserker began the quest for the Orb.
     0 | D:1      | Reached XP level 1. HP: 18/18 MP: 1/1
   144 | D:1      | Reached XP level 2. HP: 18/24 MP: 2/2
   607 | D:1      | Reached skill level 5 in Polearms
  1053 | D:2      | Reached XP level 3. HP: 18/30 MP: 3/3
  1337 | D:2      | Reached ** piety under Trog
  1344 | D:2      | Reached skill level 1 in Stealth
  1385 | D:2      | Reached skill level 1 in Evocations
  1618 | D:2      | Reached XP level 4. HP: 34/37 MP: 4/4
  2167 | D:3      | Noticed Jessica
  2188 | D:3      | Reached skill level 6 in Polearms
  2188 | D:3      | Reached XP level 5. HP: 42/42 MP: 5/5
  2190 | D:3      | Killed Jessica
  2266 | D:3      | Found a basalt altar of Yredelemnul.
  2600 | D:4      | Noticed a necrophage
  2619 | D:3      | Killed a necrophage
  2620 | D:3      | Reached XP level 6. HP: 48/48 MP: 6/6
  2722 | D:4      | Reached *** piety under Trog
  2757 | D:4      | Reached skill level 7 in Polearms
  3195 | D:4      | Reached XP level 7. HP: 53/55 MP: 7/7
  3377 | D:4      | Reached skill level 8 in Polearms
  3802 | D:4      | Found Xeyng's Weapon Shop.
  4057 | D:4      | Bought a +0 halberd of protection for 74 gold pieces
  4082 | D:4      | Found a blossoming altar of Fedhas.
  4263 | D:5      | Entered Level 5 of the Dungeon
  4735 | D:5      | Reached skill level 5 in Fighting
  4735 | D:5      | Reached skill level 9 in Polearms
  4735 | D:5      | Reached XP level 8. HP: 62/62 MP: 8/8
  4975 | D:5      | Found a white marble altar of Elyvilon.
  4982 | D:5      | Found a sparkling altar of Nemelex Xobeh.
  4989 | D:5      | Found a bloodstained altar of Trog.
  5807 | D:6      | Found a staircase to the Ecumenical Temple.
  5817 | D:6      | Reached skill level 10 in Polearms
  5843 | D:6      | Noticed wesleywilliam's ghost (amateur MiBe)
  5850 | D:6      | Found a runed translucent gate.
  5850 | D:6      | Found a runed translucent gate.
  5852 | D:6      | Found a runed translucent gate.
  6351 | D:6      | Reached XP level 9. HP: 66/68 MP: 9/9
  6899 | D:7      | Reached skill level 11 in Polearms
  6916 | D:7      | Found a flagged portal.
  6937 | Bailey   | Entered a bailey
  7205 | Bailey   | Reached skill level 5 in Dodging
  7449 | Bailey   | Reached skill level 12 in Polearms
  7982 | Bailey   | Identified the +1 crystal plate armour "Gaod" {Rampage
                  | Dex+4}
  7982 | Bailey   | Noticed an orc knight
  8272 | D:7      | Reached **** piety under Trog
  8551 | D:8      | Found a staircase to the Lair.
  9930 | D:9      | Found an iron altar of Okawaru.
 10057 | D:9      | Reached skill level 13 in Polearms
 10057 | D:9      | Reached XP level 10. HP: 75/77 MP: 10/10
 10062 | D:9      | Reached skill level 5 in Armour
 10244 | D:9      | Reached skill level 5 in Evocations
 10460 | D:9      | Reached skill level 14 in Polearms
 11304 | D:10     | Entered Level 10 of the Dungeon
 11304 | D:10     | Found an ornate altar of the Wu Jian Council.
 11333 | D:10     | Reached XP level 11. HP: 80/87 MP: 11/11
 11505 | D:10     | Reached ***** piety under Trog
 11521 | D:10     | Found Oceistac's Antique Weapon Shoppe.
 11799 | D:10     | Found Xocode's Antique Armour Shoppe.
 12126 | D:10     | Reached skill level 15 in Polearms
 12255 | D:10     | Noticed Maggie
 12271 | D:10     | Killed Maggie
 12388 | D:10     | Found a sacrificial altar of Ru.
 12388 | D:10     | Found a stormy altar of Qazlal.
 12389 | D:10     | Found a hazy altar of Hepliaklqana.
 12401 | D:10     | Found Herphun's Weapon Shop.
 12495 | D:10     | Identified a scroll of acquirement
 12498 | D:10     | Acquired the +3 pair of seven-league boots {Rampage+∞}
 12498 | D:10     | Found the +3 pair of seven-league boots {Rampage+∞}
 13502 | D:11     | Noticed a cyclops
 13508 | D:11     | Killed a cyclops
 14091 | D:11     | Found a staircase to the Orcish Mines.
 14690 | D:12     | Found a bloodstained altar of Trog.
 14820 | D:12     | Reached skill level 16 in Polearms
 14896 | D:12     | Noticed a four-headed hydra
 14902 | D:12     | Killed an eight-headed hydra
 15744 | D:13     | Noticed a centaur warrior
 15753 | D:13     | Killed a centaur warrior
 15754 | D:13     | Reached skill level 10 in Fighting
 15859 | D:13     | Noticed a manticore
 15864 | D:13     | Killed a manticore
 15865 | D:13     | Reached XP level 12. HP: 92/97 MP: 12/12
 15900 | D:13     | Noticed a catoblepas
 15922 | D:13     | Killed a catoblepas
 16361 | D:13     | Noticed a boulder beetle
 16372 | D:13     | Killed a boulder beetle
 16754 | D:13     | Noticed a centaur warrior
 16760 | D:13     | Noticed a centaur warrior
 16763 | D:13     | Killed a centaur warrior
 16772 | D:13     | Killed a centaur warrior
 17300 | D:13     | Noticed a four-headed hydra
 17302 | D:13     | Noticed an eight-headed hydra
 17303 | D:13     | Noticed a two-headed ogre
 17757 | D:14     | Noticed a boulder beetle
 17792 | D:14     | Killed a boulder beetle
 18021 | D:14     | Slain by a freezing wraith

Illustrated notes

Levels and vault maps discovered:
D:1:      amcnicky_arrival_wind_blow, layout_loops_ring, serial_forest,
          infiniplex_forest_pool, infiniplex_forest_corner_2,
          infiniplex_forest_lined_room_, infiniplex_forest_clump_tiny,
          infiniplex_forest_end_3
D:2:      layout_loops_cross
D:3:      layout_rooms, nicolae_yredelemnul_corpse_copse, uniq_jessica
D:4:      kennysheep_spiral_hall, layout_cave_pools, fedhas_altar_3,
          serial_shops, nicolae_shop_bloodbath_and_beyond, grunt_ministairs_11,
          kennysheep_nub
D:5:      nicolae_cairo_tiling_large_dashed, layout_rooms,
          minmay_overflow_temple_star_quad
D:6:      layout_loops_ring, temple_fountains, gammafunk_ghost_split,
          fountainhead, serial_park_tiny_1, grunt_decor_junction
D:7:      layout_basic, enter_bailey_7, sigmund_army
D:8:      layout_basic, dpeg_oklobed_lair, serial_co_window_serial,
          co_window_corner_a, co_window_of_opportunity_a, co_window_paths_b,
          co_window_paths_a, co_window_of_opportunity_a, co_window_paths_c,
          co_window_broadway_a, co_window_corner_b, co_window_2corner,
          co_window_paths_c, co_window_broadway_a, co_window_sun,
          co_window_4corner_b, glass_columns_c, glass_columns_b,
          glass_columns_b, glass_columns_a, grunt_ministairs_8
D:9:      layout_roguey, nicolae_overflow_crystal_walls, minmay_holes,
          hangedman_incinerator
D:10:     layout_loops_ring, gammafunk_temple_overflow_claw,
          nicolae_wu_jian_wuxing_cycle, serial_shops,
          nicolae_shop_advertising_works [nicolae_subvault_shop_adworks],
          nicolae_shop_overgrown_old_shop, nicolae_stop_n_shop_2,
          hangedman_glass_teeth, minmay_circle_x, uniq_maggie
D:11:     layout_loops_ring, erik_orc_2
D:12:     layout_stronghold, trog_three_pillars_becter
D:13:     layout_long_grid, eino_house_with_fridge
D:14:     layout_grid_maze, david_vaults_2, serial_park_gazebo
          [serial_park_minivault_5x5_1], nrook_guardian_serpent_ordinary

Skill      XL: |  1  2  3  4  5  6  7  8  9 10 11 12 |
---------------+-------------------------------------+-----
Polearms       | 5 6 7 9 10 13 14 16 | 16.9
Stealth        | 1 2 3 4 |  4.0
Evocations     | 1 2 3 4 5 6 7 |  7.9
Dodging        | 3 4 5 6 |  6.2
Fighting       | 4 5 6 8 10 | 10.8
Armour         | 2 3 4 6 7 8 |  8.2

Action                   |  1- 3 |  4- 6 |  7- 9 | 10-12 || total
-------------------------+-------+-------+-------+-------++-------
Melee: Spear             |   161 |   182 |    75 |       ||   418
       Punch             |     1 |     2 |     3 |       ||     6
       Halberd           |       |       |   334 |   530 ||   864
       Tailslap          |       |       |       |     1 ||     1
Invok: Berserk           |       |     3 |     6 |     5 ||    14
       Trog's Hand       |       |       |     3 |     2 ||     5
Evoke: Box of beasts     |       |       |       |     1 ||     1
  Use: Scroll            |       |       |     7 |    10 ||    17
       Potion            |       |       |       |     3 ||     3
 Stab: Sleeping          |     3 |       |       |       ||     3
Armor: Animal skin       |    11 |       |       |       ||    11
       Ring mail         |    30 |    30 |       |       ||    60
       Chain mail        |       |    30 |   167 |   254 ||   451
Dodge: Dodged            |    93 |    52 |   280 |   406 ||   831
